 Dungeon Sprint DCSS version 0.27-a0-592-g0306a34022 (webtiles) character file.

Game seed: 3210865655737773844

59916 mhtbhm the Executioner (level 14, -31/222 (237) HPs)
             Began as a Minotaur Fighter on Mar 11, 2021.
             Was the Champion of Trog.
             Killed from afar by Funuss the pandemonium lord (64 damage)
             ... with a great icy blast
             ... in the Dungeon (Sprint VII: "The Pits").
             The game lasted 00:11:38 (3823 turns).

mhtbhm the Executioner (Minotaur Fighter)           Turns: 3823, Time: 00:11:39

HP:   -31/222 (237) AC: 25    Str: 27 (28) XL:     14   Next: 55%
MP:   13/13         EV: 13    Int:  7      God:    Trog [******]
Gold: 64            SH: 25    Dex: 10 (11) Spells: 13/13 levels left

rFire    . . .     SeeInvis .   a - +5 broad axe (flame)
rCold    . . .     Faith    .   c - +1 tower shield
rNeg     . . .     Spirit   .   b - +8 scale mail of Slovenliness {rElec Int+2 Slay+3}
rPois    +         Reflect  .   (helmet unavailable)
rElec    +         Harm     .   p - +0 cloak
rCorr    .         Rampage  .   (no gloves)
Will     +....     NoTele   +   w - +2 pair of boots {Fly}
Stlth    ..........             (no amulet)
HPRegen  0.47/turn              l - +3 ring of strength
MPRegen  0.13/turn              u - ring of poison resistance

@: berserking, frozen, drained, very quick
A: horns 3, blurry vision 1, deterioration 2, retaliatory headbutt
a: Renounce Religion, Evoke Flight, Berserk, Trog's Hand, Brothers in Arms


You were in the Dungeon.
You worshipped Trog.
Trog was exalted by your worship.
You visited 1 branch You collected 64 gold pieces.

Inventory:

Hand Weapons
 a - a +5 broad axe of flaming (weapon)
Missiles
 h - 16 poisoned darts (quivered)
Armour
 b - the +8 scale mail of Slovenliness (worn) {rElec Int+2 Slay+3}
   (You found it in the Dungeon)

   It affects your intelligence (+2).
   It affects your accuracy and damage with ranged weapons and melee attacks
   (+3).
   It insulates you from electricity.
 c - a +1 tower shield (worn)
 p - a +0 cloak (worn)
 w - a +2 pair of boots of flying (worn)
Jewellery
 l - a +3 ring of strength (right hand)
 u - a ring of poison resistance (left hand)
 v - a ring of protection from cold
 y - a ring of ice
Scrolls
 j - a scroll of blinking
 m - a scroll of summoning
 q - 8 scrolls of identify
 r - a scroll of fog
 s - a scroll of fear
Potions
 d - 5 potions of might
 e - 6 potions of curing
 f - 8 potions of heal wounds
 g - 4 potions of haste
 i - 4 potions of berserk rage
 k - a potion of invisibility
 t - a potion of resistance
 z - a potion of magic
Miscellaneous
 n - a lightning rod (4/4)
 x - a condenser vane


   Skills:
 + Level 23.9 Fighting
 + Level 25.1 Axes
 + Level 1.5 Throwing
 + Level 19.3 Armour
 + Level 9.4 Dodging
 - Level 1.5 Stealth
 + Level 21.0 Shields
 + Level 1.7 Evocations


You had 13 spell levels left.
You didn't know any spells.
Your spell library was empty.

Dungeon Overview and Level Annotations

Branches:
Dungeon (1/1)

Altars:
Cheibriados
Dithmenos
Elyvilon
Fedhas
Gozag
Hepliaklqana
Makhleb
Nemelex Xobeh
Okawaru
Qazlal
Ru
Sif Muna
Trog
Vehumet
Wu Jian
Xom
Yredelemnul
Zin
The Shining One
Beogh
Jiyva
Lugonu


Innate Abilities, Weirdness & Mutations

You have a pair of large horns on your head.
You reflexively headbutt those who attack you in melee.
Scrolls take you a little longer to read.
Your body often deteriorates upon taking damage.


Message History

Press: ? - help, v - describe, . - travel
Here: Funuss (surrounded by negative energy)
An open door.
A red film seems to cover your vision as you go berserk!
You feel yourself moving faster!
You feel mighty!
You are engulfed in negative energy.
You feel drained. You block Funuss's attack.
You barely miss Funuss.
You are engulfed in negative energy.
You feel drained. Funuss gestures at you.
Funuss conjures a mighty blast of ice!
The great icy blast engulfs you!!!
Your body deteriorates!
You feel weakened.
You are encased in ice.
You miss Funuss.
You are engulfed in negative energy.
You feel drained. Funuss gestures at you. The bolt of cold hits you!!!
Your body deteriorates!
You feel clumsy.
You are too injured to fight recklessly!
You are too injured to fight recklessly!
You are too injured to fight recklessly!
You are too injured to fight recklessly!
You are too injured to fight recklessly!
You are too injured to fight recklessly!
You are too injured to fight recklessly!
You are too injured to fight recklessly!
You are too injured to fight recklessly!
You are too injured to fight recklessly!
You are too injured to fight recklessly!
You are too injured to fight recklessly!
You are too injured to fight recklessly!
You barely miss Funuss.
You are engulfed in negative energy.
You feel drained. You block Funuss's attack.
You barely miss Funuss.
You are engulfed in negative energy.
You feel drained.
You completely miss Funuss. Your headbutt misses Funuss.
Funuss gestures at you. The bolt of cold hits you!!!
* * * LOW HITPOINT WARNING * * *
You miss Funuss.
You are engulfed in negative energy.
You feel drained.
* * * LOW HITPOINT WARNING * * *
Funuss gestures at you.
Funuss conjures a mighty blast of ice!
The great icy blast engulfs you!!!
You die...

#+# #○# #&# #@#
#§# #§# #§# #§#
#§# #.# #'#
################'#


You could see Funuss (clouds).

Vanquished Creatures
  An orb of fire (D)
  A royal mummy (D)
  Saint Roka (D)
  Agnes (D)
  A storm dragon (D)
  A nagaraja (D)
  2 orc warlords (D)
  A deep elf sorcerer (D)
  A stone giant (D)
  A vampire knight (D)
  Nessos (D)
  An apis (D)
  A red draconian (D)
  A deep elf annihilator (D)
  A great orb of eyes (D)
  A fire dragon (D)
  A yaktaur captain (D)
  3 vault guards (D)
  4 naga warriors (D)
  A merfolk avatar (D)
  A centaur warrior (D)
  A death knight (D)
  An anaconda (D)
  2 deep elf knights (D)
  A spriggan (D)
  2 sun demons (D)
  2 shadow wraiths (D)
  A deep troll (D)
  2 fire crabs (D)
  A swamp dragon (D)
  A flayed ghost (D)
  A bog body (D)
  11 orc knights (D)
  A deep elf pyromancer (D)
  A cyclops (D)
  A manticore (D)
  An ugly thing (D)
  A cyclops (shapeshifter) (D)
  A guardian serpent (D)
  2 elephants (D)
  A rust devil (D)
  A molten gargoyle (D)
  A smoke demon (D)
  A kobold demonologist (D)
  An orange demon (D)
  A freezing wraith (D)
  3 yaktaurs (D)
  An ice devil (D)
  A merfolk (D)
  A hornet (D)
  A polar bear (D)
  4 dream sheep (D)
  A redback (D)
  2 shadows (D)
  A vampire (D)
  An air elemental (D)
  8 yaks (D)
  A ynoxinul (D)
  A fire elemental (D)
  A fire bat (D)
  A wandering mushroom (D)
  A warg (D)
  An acid dragon (D)
  A water moccasin (D)
  2 black bears (D)
  A swamp drake (D)
  2 orc warriors (D)
  An eye of draining (D)
  An ice beast (D)
  A necrophage (D)
  3 centaurs (D)
  A phantom (D)
  2 kobold brigands (D)
  14 killer bees (D)
  2 quasits (D)
  4 orc priests (D)
  Crazy Yiuf (D)
  An iron imp (D)
  3 iguanas (D)
  An orc wizard (D)
  A worker ant (D)
  A gnoll (D)
  An adder (D)
  A white imp (D)
  An ooze (D)
  12 orcs (D)
  2 goblins (D)
  2 hobgoblins (D)
  6 jackals (D)
  A quokka (D)
  A ball python simulacrum (D)
  A rat (D)
168 creatures vanquished.

Vanquished Creatures (collateral kills)
  An emperor scorpion (D)
  An alligator snapping turtle (D)
  An orc knight (D)
  A yak (D)
  2 wargs (D)
  An orc warrior (D)
  A hell rat (D)
8 creatures vanquished.

Vanquished Creatures (others)
  An orc knight (D)
  An eye of devastation (D)
  An orc warrior (D)
3 creatures vanquished.

Grand Total: 179 creatures vanquished

Notes
Turn   | Place    | Note
-------+----------+-------------------------------------------
     0 | D        | mhtbhm the Minotaur Fighter began the quest for the Orb.
     0 | D        | Reached XP level 1. HP: 19/19 MP: 0/0
    46 | D        | Found a bloodstained altar of Trog.
    46 | D        | Found a shimmering blue altar of Sif Muna.
    46 | D        | Found a viscous altar of Jiyva.
    46 | D        | Found a hazy altar of Hepliaklqana.
    46 | D        | Found an opulent altar of Gozag.
    47 | D        | Found a glowing golden altar of the Shining One.
    47 | D        | Found a glowing silver altar of Zin.
    47 | D        | Found a basalt altar of Yredelemnul.
    47 | D        | Found a shimmering altar of Xom.
    47 | D        | Found an ornate altar of the Wu Jian Council.
    47 | D        | Found a sacrificial altar of Ru.
    47 | D        | Found a stormy altar of Qazlal.
    47 | D        | Found an iron altar of Okawaru.
    47 | D        | Found a sparkling altar of Nemelex Xobeh.
    47 | D        | Found a burning altar of Makhleb.
    47 | D        | Found a blossoming altar of Fedhas.
    47 | D        | Found a white marble altar of Elyvilon.
    47 | D        | Found a shadowy altar of Dithmenos.
    47 | D        | Found a snail-covered altar of Cheibriados.
    49 | D        | Found a radiant altar of Vehumet.
    49 | D        | Found a corrupted altar of Lugonu.
    51 | D        | Became a worshipper of Trog the Wrathful
    70 | D        | Reached * piety under Trog
    74 | D        | Reached XP level 2. HP: 24/28 MP: 1/1
    75 | D        | Reached ** piety under Trog
    76 | D        | Reached skill level 3 in Axes
   161 | D        | Reached skill level 5 in Fighting
   162 | D        | Reached skill level 5 in Armour
   163 | D        | Reached *** piety under Trog
   164 | D        | Reached skill level 5 in Shields
   165 | D        | Reached XP level 3. HP: 34/36 MP: 2/2
   226 | D        | Noticed a kobold brigand
   226 | D        | Noticed an ice beast
   227 | D        | Noticed a warg
   227 | D        | Noticed a black bear
   230 | D        | Reached skill level 4 in Axes
   231 | D        | Killed an ice beast
   231 | D        | Reached **** piety under Trog
   232 | D        | Reached skill level 7 in Axes
   232 | D        | Reached XP level 4. HP: 48/48 MP: 3/3
   232 | D        | Reached XP level 5. HP: 53/53 MP: 4/4
   234 | D        | Reached skill level 8 in Axes
   234 | D        | Killed a black bear
   235 | D        | Reached skill level 9 in Axes
   235 | D        | Reached XP level 6. HP: 62/62 MP: 5/5
   239 | D        | Killed a warg
   240 | D        | Reached skill level 10 in Axes
   304 | D        | Noticed a fire bat
   316 | D        | Killed a fire bat
   317 | D        | Reached skill level 11 in Axes
   317 | D        | Reached XP level 7. HP: 64/71 MP: 6/6
   323 | D        | Noticed a redback
   330 | D        | Killed a redback
   330 | D        | Reached ***** piety under Trog
   331 | D        | Reached skill level 10 in Fighting
   331 | D        | Reached skill level 12 in Axes
   331 | D        | Reached skill level 10 in Armour
   358 | D        | Noticed a deep elf pyromancer
   367 | D        | Killed a deep elf pyromancer
   368 | D        | Reached skill level 13 in Axes
   368 | D        | Reached skill level 1 in Dodging
   368 | D        | Reached XP level 8. HP: 45/81 MP: 7/7
   369 | D        | Reached skill level 14 in Axes
   505 | D        | Noticed a great orb of eyes
   510 | D        | Reached skill level 10 in Shields
   514 | D        | Killed a great orb of eyes
   514 | D        | Reached ****** piety under Trog
   514 | D        | Received a gift from Trog
   515 | D        | Reached skill level 15 in Axes
   515 | D        | Reached XP level 9. HP: 60/90 MP: 8/8
   712 | D        | Noticed an alligator snapping turtle
   720 | D        | Reached skill level 16 in Axes
   726 | D        | Killed an alligator snapping turtle
   859 | D        | Noticed a kobold demonologist
   868 | D        | Noticed a red devil
   868 | D        | Killed a kobold demonologist
   869 | D        | Reached skill level 17 in Axes
   869 | D        | Noticed a nagaraja
   882 | D        | Killed a nagaraja
   882 | D        | Received a gift from Trog
   883 | D        | Reached skill level 18 in Axes
   883 | D        | Reached XP level 10. HP: 59/101 MP: 3/9
  1153 | D        | Noticed a sun demon
  1160 | D        | Killed a sun demon
  1173 | D        | Noticed a spriggan rider
  1173 | D        | Noticed a guardian serpent
  1183 | D        | Killed a guardian serpent
  1193 | D        | Killed a spriggan rider
  1193 | D        | Received a gift from Trog
  1339 | D        | Noticed a royal mummy
  1351 | D        | Killed a royal mummy
  1352 | D        | Reached skill level 15 in Fighting
  1352 | D        | Reached skill level 20 in Axes
  1352 | D        | Reached skill level 15 in Armour
  1352 | D        | Reached skill level 1 in Stealth
  1352 | D        | Reached XP level 11. HP: 113/113 MP: 3/10
  1401 | D        | Noticed a death knight
  1409 | D        | Killed a death knight
  1493 | D        | Received a gift from Trog
  1538 | D        | Noticed a flayed ghost
  1540 | D        | Noticed a red ugly thing
  1542 | D        | Noticed a bog body
  1549 | D        | Killed a flayed ghost
  1550 | D        | Reached skill level 5 in Dodging
  1552 | D        | Killed a bog body
  1552 | D        | Received a gift from Trog
  1555 | D        | Killed a red ugly thing
  1621 | D        | Noticed a centaur warrior
  1632 | D        | Killed a centaur warrior
  1636 | D        | Received a gift from Trog
  1637 | D        | Reached XP level 12. HP: 117/124 MP: 3/11
  1653 | D        | Reached skill level 15 in Shields
  1844 | D        | Reached skill level 21 in Axes
  1848 | D        | Received a gift from Trog
  1960 | D        | Noticed Crazy Yiuf
  1965 | D        | Killed Crazy Yiuf
  1965 | D        | Received a gift from Trog
  1972 | D        | Received a gift from Trog
  1982 | D        | Received a gift from Trog
  2100 | D        | Got the +8 scale mail of Slovenliness {rElec Int+2 Slay+3}
  2231 | D        | Noticed a fire dragon
  2231 | D        | Noticed a deep elf sorcerer
  2231 | D        | Noticed a red draconian
  2234 | D        | Received a gift from Trog
  2241 | D        | Killed a fire dragon
  2243 | D        | Killed a deep elf sorcerer
  2243 | D        | Received a gift from Trog
  2249 | D        | Killed a red draconian
  2250 | D        | Reached skill level 22 in Axes
  2362 | D        | Noticed a storm dragon
  2362 | D        | Noticed Agnes
  2363 | D        | Noticed an emperor scorpion
  2368 | D        | Killed Agnes
  2369 | D        | Reached XP level 13. HP: 138/138 MP: 12/12
  2375 | D        | Received a gift from Trog
  2387 | D        | Killed a storm dragon
  2403 | D        | Killed an emperor scorpion
  2406 | D        | Received a gift from Trog
  2445 | D        | Noticed Nessos
  2453 | D        | Received a gift from Trog
  2457 | D        | Killed Nessos
  2458 | D        | Noticed an apis
  2469 | D        | Killed an apis
  2952 | D        | Noticed an orc warlord
  2952 | D        | Noticed an orc warlord
  2953 | D        | Noticed a stone giant
  2953 | D        | Noticed a vampire knight
  2954 | D        | Noticed Saint Roka
  2954 | D        | Received a gift from Trog
  2962 | D        | Reached skill level 23 in Axes
  2962 | D        | Killed an orc warlord
  2963 | D        | Received a gift from Trog
  2969 | D        | Noticed a deep elf annihilator
  2970 | D        | Identified the +5 hand axe of Subterfuge {vorpal, *Noise
                  | rF+ Dex+4 SInv} (Trog gifted it to you in the Dungeon)
  2970 | D        | Received a gift from Trog
  2974 | D        | Killed a vampire knight
  2975 | D        | Reached skill level 1 in Throwing
  2976 | D        | Received a gift from Trog
  2977 | D        | Reached skill level 1 in Evocations
  2977 | D        | Reached XP level 14. HP: 117/154 MP: 13/13
  2982 | D        | Killed Saint Roka
  2983 | D        | Reached skill level 24 in Axes
  2984 | D        | Killed an orc warlord
  2992 | D        | Received a gift from Trog
  3000 | D        | Killed a stone giant
  3449 | D        | Noticed an orb of fire
  3455 | D        | Gained mutation: Your body sometimes deteriorates upon
                  | taking damage. [an orb of fire]
  3461 | D        | Gained mutation: Your magical capacity is low. (-10% MP)
                  | [an orb of fire]
  3468 | D        | Killed an orb of fire
  3469 | D        | Reached skill level 25 in Axes
  3491 | D        | Lost mutation: Your magical capacity is low. (-10% MP)
                  | [potion of mutation]
  3491 | D        | Gained mutation: Your body often deteriorates upon taking
                  | damage. [potion of mutation]
  3491 | D        | Gained mutation: Scrolls take you a little longer to read.
                  | [potion of mutation]
  3491 | D        | Gained mutation: You have a pair of large horns on your
                  | head. [potion of mutation]
  3816 | D        | Noticed Funuss the pandemonium lord
  3823 | D        | Killed from afar by Funuss the pandemonium lord

Illustrated notes

Levels and vault maps discovered:
D:        pitsprint [storerooms_1, entrance_room_1, metal_vault_4, armoury_3,
          mini_pit_1, grid_room_1, main_hall_1, silver_pit, the_coven_3,
          the_vestibule_1, steel_vault_2, golden_pit, hallway_of_sentries,
          crystal_vault_3, iron_vault_3, final_vault]

Skill      XL: |  1  2  3  4  5  6  7  8  9 10 11 12 13 14 |
---------------+-------------------------------------------+-----
Fighting       | 4 5 7 8 9 10 11 13 15 16 19 22 23 | 23.9
Armour         | 4 5 7 8 9 10 11 13 15 16 18 19 | 19.3
Shields        | 4 5 7 8 9 10 11 13 14 17 19 21 | 21.0
Axes           | 3 7 9 11 13 15 18 20 22 23 25 | 25.1
Dodging        | 1 2 3 4 5 6 8 9 |  9.4
Stealth        | 1 |  1.5
Throwing       | 1 |  1.5
Evocations     | 1 |  1.7

Action                   |  1- 3 |  4- 6 |  7- 9 | 10-12 | 13-15 || total
-------------------------+-------+-------+-------+-------+-------++-------
Melee: War axe           |    23 |    13 |    29 |       |       ||    65
       Headbutt          |     5 |     1 |    13 |    40 |    34 ||    93
       Broad axe         |       |       |    30 |   145 |   145 ||   320
Throw: Dart              |       |       |       |       |     1 ||     1
Invok: Berserk           |     1 |       |     3 |     7 |     3 ||    14
       Brothers in Arms  |       |       |     1 |       |     4 ||     5
       Trog's Hand       |       |       |       |       |     1 ||     1
 Abil: Stop Flying       |       |       |       |     1 |       ||     1
Evoke: Condenser vane    |       |       |       |       |     2 ||     2
  Use: Potion            |       |       |     1 |       |     9 ||    10
 Stab: Invisible         |       |       |       |       |    16 ||    16
       Distracted        |       |       |       |       |     1 ||     1
       Confused          |       |       |       |       |     1 ||     1
Armor: Scale mail        |    19 |       |       |     4 |    42 ||    65
       Chain mail        |    12 |     8 |    13 |       |       ||    33
       Plate armour      |       |       |     3 |    30 |       ||    33
Dodge: Dodged            |     8 |    10 |    14 |    41 |    33 ||   106
Block: Kite shield       |    10 |     6 |    23 |    86 |    81 ||   206
       Tower shield      |       |       |       |       |     2 ||     2

Table legend: (Time is in decaauts)
 A = Elapsed time spent in this place.
 B = Non-inter-level travel time spent in this place.
 C = Inter-level travel time spent in this place.
 D = Time resting spent in this place.
 E = Time spent auto-exploring this place.
 F = Levels seen in this place.
 G = Mean time per level.
                   A        B        C        D        E       F      G
               +--------+--------+--------+--------+--------+-----+--------+
         Total |   3835 |   3835 |      0 |   2185 |     30 |   1 | 3835.0 |
       Dungeon |   3835 |   3835 |      0 |   2185 |     30 |   1 | 3835.0 |
               +--------+--------+--------+--------+--------+-----+--------+

Top non-repeatable levels by time:
       D: 3835 daAuts
